 Dungeon Crawl Stone Soup version 0.28.0-53-g5a82cb258f (webtiles) character file.

Game seed: 5155425005992094440

58 cbfl8 the Skirmisher (level 3, -1/51 HPs)
             Began as a Minotaur Berserker on July 12, 2022.
             Was a Believer of Trog.
             Slain by a gnoll
             ... wielding a +0 spear
              (6 damage)
             ... on level 2 of the Dungeon.
             The game lasted 00:00:50 (909 turns).

cbfl8 the Skirmisher (Minotaur Berserker)            Turns: 909, Time: 00:00:51

Health: -1/51      AC:  2    Str: 21    XL:     3   Next: 75%
Magic:  2/2        EV: 12    Int:  4    God:    Trog [**....]
Gold:   39         SH:  0    Dex: 11    Spells: 2/2 levels left

rFire   . . .      SeeInvis .   f - +0 war axe
rCold   . . .      Faith    .   (no shield)
rNeg    . . .      Spirit   .   b - +0 animal skin
rPois   .          Reflect  .   (helmet restricted)
rElec   .          Harm     .   (no cloak)
rCorr   .          Rampage  .   (no gloves)
Will    .....                   (no boots)
Stlth   ..........              (no amulet)
HPRegen 0.17/turn               (no ring)
MPRegen 0.08/turn               (no ring)

@: berserking, very quick
A: horns 2, retaliatory headbutt
a: Renounce Religion, Berserk, Trog's Hand


You were on level 2 of the Dungeon.
You worshipped Trog.
Trog was pleased with you.
You visited 1 branch of the dungeon, and saw 2 of its levels.

You collected 39 gold pieces.

Inventory:

Hand Weapons
 a - a +0 hand axe
 f - a +0 war axe (weapon)
Armour
 b - a +0 animal skin (worn)
Scrolls
 c - a scroll of teleportation {unknown}
Potions
 d - 2 potions of curing {unknown}
 e - a potion of mutation {unknown}


   Skills:
 + Level 4.5 Fighting
 + Level 4.4 Axes
 + Level 2.7 Armour
 + Level 2.8 Dodging


You had 2 spell levels left.
You didn't know any spells.
Your spell library was empty.

Dungeon Overview and Level Annotations

Branches:
Dungeon (2/15)

Altars:


Innate Abilities, Weirdness & Mutations

You have a pair of horns on your head.
You reflexively headbutt those who attack you in melee.


Message History

The gnoll is moderately wounded.
The gnoll closely misses you. The gnoll hits you with a +0 club.
There are monsters nearby!
You slash the gnoll! Your headbutt misses the gnoll. You punch the gnoll.
The gnoll is almost dead.
The gnoll barely misses you.
There are monsters nearby!
You completely miss the gnoll. Your headbutt misses the gnoll.
The gnoll is almost dead.
The gnoll misses you. The gnoll hits you with a +0 club.
The gnoll barely misses you.
There are monsters nearby!
You hit the gnoll.
You kill the gnoll!
Trog accepts your kill. The gnoll closely misses you.
The gnoll hits you from afar with a +0 spear.
There are monsters nearby!
You hit the gnoll. You headbutt the gnoll.
The gnoll is heavily wounded.
The gnoll closely misses you. The gnoll misses you.
The gnoll closely misses you.
There are monsters nearby!
You slash the gnoll!
You kill the gnoll!
Trog accepts your kill.
The gnoll hits you from afar with a +0 spear!
The gnoll hits you from afar with a +0 spear.
* * * LOW HITPOINT WARNING * * *
The gnoll closely misses you. The gnoll barely misses you.
A red film seems to cover your vision as you go berserk!
You feel yourself moving faster!
You feel mighty!
The gnoll hits you from afar with a +0 spear.
* * * LOW HITPOINT WARNING * * *
The gnoll hits you from afar with a +0 spear.
* * * LOW HITPOINT WARNING * * *
You feel a strong urge to attack something.
You barely miss the gnoll. You slash the gnoll!
The gnoll hits you with a +0 spear.
You die...

#...!.... .# #........
..# #......_###..#
.............#
...........# . ......
..# ....###).###$.#
..........g@....(.#
.........g.#.....#
...........##.#####
.......####......#
......# #......#
#.#### ###......#
###.#######...†....#
##..)........#......#
##......#####........#


You could see 2 gnolls.

Vanquished Creatures
  2 gnolls (D:2)
  An adder (D:2)
  A dart slug (D:1)
  2 ball pythons
  3 bats
  2 endoplasms (D:1)
  A giant cockroach (D:2)
  5 goblins
  2 hobgoblins
  2 kobolds (D:1)
  4 frilled lizards
  3 rats
28 creatures vanquished.

Notes
Turn   | Place    | Note
-------+----------+-------------------------------------------
     0 | D:1      | cbfl8 the Minotaur Berserker began the quest for the Orb.
     0 | D:1      | Reached XP level 1. HP: 19/19 MP: 0/0
    85 | D:1      | Reached XP level 2. HP: 24/27 MP: 1/1
   585 | D:2      | Reached XP level 3. HP: 25/33 MP: 2/2
   887 | D:2      | Reached ** piety under Trog
   898 | D:2      | Found a faded altar of an unknown god.
   909 | D:2      | Slain by a gnoll

Illustrated notes

Levels and vault maps discovered:
D:1:      lemuel_arrival_room, layout_basic, chequers_serial_rivers_micro_d,
          chequers_avenue
D:2:      layout_rooms, hellmonk_ecumenical_altar_lost_god,
          minmay_joined_circles

Skill      XL: |  1  2 |
---------------+-------+-----
Axes           | 4 |  4.4
Fighting       | 4 |  4.5
Armour         | |  2.7
Dodging        | |  2.8

Action                   || total
-------------------------++-------
Melee: Hand axe          ||    32
       Headbutt          ||    10
       War axe           ||    12
       Punch             ||     1
Invok: Berserk           ||     1
Armor: Animal skin       ||     9
Dodge: Dodged            ||    39
